 Dungeon Crawl Stone Soup version 0.32-a0-473-gd044c6f0f0 (webtiles) character file.

Game seed: 13503834986089434878

129992 jasper the Slayer (level 16, -1/167 HPs)
             Began as a Mountain Dwarf Fighter on Feb 25, 2024.
             Was an Initiate of Gozag.
             Killed from afar by a merfolk aquamancer (40 damage)
             ... with a torrent of water
             ... on level 4 of the Shoals.
             The game lasted 00:46:37 (29953 turns).

jasper the Slayer (Mountain Dwarf Fighter)         Turns: 29953, Time: 00:46:37

Health: -1/167     AC: 58    Str: 39    XL:     16   Next: 52%
Magic:  16/16      EV: 23    Int: 12    God:    Gozag
Gold:   628        SH:  4    Dex:  9    Spells: 15/15 levels left

rFire   + . .        F - +0 broad axe (drain)
rCold   . . .        X - +0 buckler {AC+3}
rNeg    + . .        H - +14 crystal plate armour "Sugeploje" {rN+}
rPois   .            M - +2 helmet {Int+3}
rElec   .            I - +2 cloak of Plog {Str+6}
rCorr   .            E - +2 pair of gloves {hurl}
SInv    .            D - +2 pair of boots {rampage}
Will    +....        m - amulet of the acrobat Stlth
                     n - ring of protection from fire
HPRegen 0.47/turn    t - +6 ring of strength
MPRegen 0.15/turn

%: acrobat, rampage
@: acrobatic
A: runic magic, artefact enchanting, subdued magic 1
a: Renounce Religion, Potion Petition, Call Merchant, Bribe Branch


You were on level 4 of the Shoals.
You worshipped Gozag.
Gozag was pleased with you.
You visited 6 branches of the dungeon, and saw 29 of its levels.
You visited 1 bazaar.

You collected 9319 gold pieces.
You spent 6104 gold pieces at shops.
You paid 2587 gold pieces to Gozag.

Inventory:

Hand Weapons
 a - a +0 broad axe
 F - a +0 broad axe of draining (weapon)
 T - a +2 battleaxe of distortion
Missiles
 e - 2 curare-tipped darts
 x - 36 boomerangs (quivered)
 C - 2 throwing nets
Armour
 z - the +0 pair of boots of Sandy Fun {Dex+3}
   (You bought it in a shop in a bazaar)

   Dex+3:     It affects your dexterity (+3).
 D - a +2 pair of boots of rampaging (worn)
 E - a +2 pair of gloves of hurling (worn)
 H - the +14 crystal plate armour "Sugeploje" (worn) {rN+}
   (You bought it in a shop on level 1 of the Depths)

   rN+:       It protects you from negative energy.
 I - the +2 cloak of Plog (worn) {Str+6}
   (You bought it in a shop on level 2 of the Orcish Mines)

   Str+6:     It affects your strength (+6).
 M - a +2 helmet of intelligence (worn)
 X - a +0 buckler of protection (worn)
Jewellery
 c - a ring of protection from fire
 l - a ring of positive energy
 m - an amulet of the acrobat (around neck)
 n - a ring of protection from fire (left hand)
 t - a +6 ring of strength (right hand)
 A - a ring of ice
 N - a ring of positive energy
 Z - a ring of protection from fire
Wands
 q - a wand of paralysis (3)
 u - a wand of roots (5)
 P - a wand of acid (9)
 R - a wand of polymorph (4)
 U - a wand of flame (11)
 W - a wand of digging (7)
Scrolls
 b - 4 scrolls of identify
 g - 6 scrolls of revelation
 i - 4 scrolls of immolation
 k - 6 scrolls of enchant weapon
 y - 3 scrolls of fear
 B - 9 scrolls of teleportation
 L - 5 scrolls of vulnerability
 Q - a scroll of silence
 V - 2 scrolls of poison
 Y - a scroll of blinking
Potions
 d - 2 potions of might
 f - 6 potions of ambrosia
 h - 10 potions of mutation
 j - 3 potions of lignification
 o - 2 potions of invisibility
 p - 3 potions of magic
 r - 3 potions of resistance
 s - 5 potions of attraction
 v - a potion of berserk rage
 w - 9 potions of curing
 G - a potion of cancellation
 J - 2 potions of brilliance
 K - 4 potions of haste
 O - 2 potions of heal wounds
 S - 2 potions of enlightenment


   Skills:
 + Level 21.3 Fighting
 - Level 18.0 Axes
 + Level 19.4 Armour
 - Level 3.2 Shields
 - Level 10.0 Evocations


You had 15 spell levels left.
You didn't know any spells.
Your spell library contained the following spells:

 Spells                   Type           Power      Damage    Failure   Level
 Foxfire                  Conj/Fire      0%         2x1d4     47%         1
 Blink                    Tloc           0%         N/A       61%         2
 Call Imp                 Summ           0%         N/A       61%         2
 Ensorcelled Hibernation  Hex/Ice        0%         N/A       61%         2
 Lesser Beckoning         Tloc           0%         N/A       61%         2
 Momentum Strike          Conj/Tloc      0%         3d8       61%         2
 Static Discharge         Conj/Air       0%         3-3/arc   61%         2
 Sublimation of Blood     Necr           0%         N/A       61%         2
 Dazzling Flash           Conj/Hex       0%         N/A       85%         3
 Fugue of the Fallen      Necr           0%         N/A       85%         3
 Mephitic Cloud           Conj/Alch/Air  0%         N/A       85%         3
 Passwall                 Erth           0%         N/A       85%         3
 Swiftness                Air            0%         N/A       85%         3
 Airstrike                Air            0%         2d(0-16)  99%         4
 Anguish                  Hex/Necr       0%         N/A       99%         4
 Petrify                  Alch/Erth      0%         N/A       99%         4
 Summon Lightning Spire   Summ/Air       0%         N/A       99%         4
 Curse of Agony           Necr           0%         N/A       100%        5
 Irradiate                Conj/Alch      0%         3d11      100%        5
 Silence                  Hex/Air        0%         N/A       100%        5
 Plasma Beam              Fire/Air       0%         2x1d10    100%        6
 Starburst                Conj/Fire      0%         6d3       100%        6
 Summon Hydra             Summ           0%         N/A       100%        7


Dungeon Overview and Level Annotations

Branches:
Dungeon (15/15)            Temple (1/1) D:5            Lair (5/5) D:9
 Shoals (4/4) Lair:2       Spider (0/4) Lair:3        Slime (0/5) Lair:5
    Orc (2/2) D:10            Elf (0/3) Orc:2        Vaults (0/5) D:13
 Depths (2/4) D:15

Altars:
Ashenzari
Cheibriados
Dithmenos
Elyvilon
Fedhas
Gozag
Hepliaklqana
Kikubaaqudgha
Makhleb
Nemelex Xobeh
Okawaru
Qazlal
Ru
Sif Muna
Trog
Uskayaw
Vehumet
Wu Jian
Xom
Yredelemnul
Zin
The Shining One
Beogh
Jiyva

Shops:
D:6 [   Orc:2 ([:*   Shoals:1 (:!:   Depths:1 [*[

Portals:
Pandemonium: Depths:1

Annotations:
Lair:5 exclusion: 3 oklob plants
Orc:1 2 transporters


Innate Abilities, Weirdness & Mutations

Your spellcasting is much less encumbered by armour.
You can use scrolls of enchantment on lesser artefacts.
Your spells are a little easier to cast, but a little less powerful.


Message History

The merfolk impaler barely misses you.
You take 2 damage, and have 41/167 hp.
You barely miss the harpy.
The harpy is heavily wounded.
You feel sick. The harpy barely misses you. The harpy closely misses you.
The merfolk impaler hits you but does no damage.
You are more poisoned.
The merfolk impaler hits you but does no damage.
The merfolk impaler completely misses you.
You take 2 damage, and have 39/167 hp.
You closely miss the harpy.
The harpy is heavily wounded.
You feel very sick. The harpy claws you but does no damage.
The harpy completely misses you.
The merfolk impaler hits you from afar with a +0 trident.
* * * LOW HITPOINT WARNING * * *
The merfolk impaler hits you but does no damage.
You take 3 damage, and have 36/167 hp.
You feel better.
The harpy claws you but does no damage. x2
The merfolk avatar chants a haunting song.
You easily resist.
The merfolk impaler hits you but does no damage.
The harpy claws you!
* * * LOW HITPOINT WARNING * * *
The harpy claws you but does no damage. The merfolk impaler closely misses you.
The merfolk impaler hits you but does no damage.
You regained 2 hp, and now have 38/167 hp.
As you read the scroll of fear, it crumbles to dust.
You assume a fearsome visage.
The merfolk impaler looks frightened!
The merfolk aquamancer resists with almost no effort.
The merfolk impaler looks frightened!
The merfolk avatar easily resists.
The harpy looks frightened!
The cyclops looks frightened!
The merfolk avatar chants a haunting song.
You resist with some effort.
The merfolk impaler wails, "Help!"
The cyclops pleads, "Please don't kill me!"
The merfolk aquamancer gestures at you while chanting.
The torrent of water hits you!!!
You die...
Your body crumbles into a pile of gold.

≈~~...............~~≈≈≈≈
≈≈~~~~...~##..~~~~~~~~~~~
≈≈≈~~~~~~~........~~~~~~~
≈≈≈~~..~.~.........~~~~~~
≈≈≈~...............~~~~~~
≈≈~~...............~~~~~~
≈≈≈~...............~~~~~~
≈≈≈≈~~..#######....~~~~~#
≈≈≈~~~~## ≈≈##@..~~~~#
≈≈~~~.## ,..~##.~~~~~#
≈≈~...# ..~#.~~~~~#
≈≈~~~~# #..#~~m~~~#
≈≈~~~~# ## ..#[H~~~~#
≈≈≈≈≈~# H≈#≈m#m#Cmmm~~##
≈≈≈≈~~# , #≈~~m$#~~~~~~≈#
≈≈≈≈~~# ~#~~~~~~~~≈
≈≈≈≈~~~ ~#H~~~~~~~~≈


You could see a merfolk avatar, 2 merfolk impalers, a merfolk aquamancer, a
cyclops (fleeing) and a harpy (fleeing, drained).

Vanquished Creatures
  Nikola (Shoals:1)
  Mlioglotl (Shoals:1)
  A tengu reaver (D:11)
  An orc warlord (Orc:2)
  A merfolk impaler (Shoals:1)
  5 hydras
  4 vault guards (D:13)
  A rakshasa (D:15)
  An ogre mage (D:15)
  2 merfolk avatars
  5 boulder beetles
  2 merfolk aquamancers
  An alligator snapping turtle (Shoals:2)
  A satyr (Shoals:3)
  3 catoblepae (Lair:5)
  6 death yaks (Lair:5)
  A tengu warrior (D:15)
  3 centaur warriors
  9 two-headed ogres
  2 orc high priests (Orc:2)
  A shock serpent (shapeshifter) (D:15)
  3 deep elf knights (D:14)
  5 skysharks
  3 skeletal warriors (D:13)
  8 sea snakes
  A flayed ghost (D:11)
  A deep troll (D:15)
  Pikel (D:8)
  12 harpies
  A wolf spider (Lair:2)
  A lindwurm (Lair:2)
  3 arcanists (D:13)
  3 necromancers
  4 deep elf pyromancers
  4 orc knights
  A shining eye (D:12)
  A deep elf zephyrmancer (D:14)
  2 ugly things
  11 manticores
  5 orc sorcerers
  An elephant (D:9)
  16 fauns
  3 meliai (D:12)
  4 black mambas
  5 cyclopes
  4 kobold blastminers
  6 merfolk sirens
  A gargoyle (D:13)
  3 water nymphs
  13 cane toads
  2 unseen horrors
  3 kobold demonologists
  7 komodo dragons
  A freezing wraith (D:14)
  2 rime drakes
  A queen bee (D:12)
  5 wind drakes
  17 merfolk
  4 polar bears
  2 hornets
  5 trolls
  A tarantella (Lair:2)
  13 blink frogs
  6 snapping turtles
  The ghost of Ruich the Changeling, an amateur OpSh (D:3)
  2 jumping spiders (Lair:2)
  15 dream sheep
  A slime creature (D:12)
  9 water elementals
  2 wraiths
  2 shadows
  8 wyverns
  Eustachio (D:6)
  16 humans (D:13)
  66 yaks
  3 redbacks
  A fire bat (shapeshifter) (D:15)
  7 basilisks
  8 vampire mosquitoes
  2 wargs (Orc:2)
  9 water moccasins
  2 acid dragons
  A swamp drake (D:10)
  An ice beast (D:6)
  27 orc warriors
  4 ogres
  2 black bears
  7 wolves
  11 centaurs
  2 lemures (D:8)
  13 bullfrogs
  3 gnoll sergeants
  4 scorpions
  3 wights (D:10)
  31 killer bees
  7 howler monkeys
  6 electric eels (D:11)
  2 lava snakes (Lair:2)
  A jelly (D:8)
  A gnoll bouda (D:9)
  16 orc priests
  A sleepcap (D:5)
  Terence (D:2)
  7 hell rats (Lair:4)
  3 iguanas
  19 orc wizards
  23 gnolls
  6 adders
  2 shadow imps
  2 white imps (D:7)
  4 ufetubi
  4 ribbon worms
  4 dart slugs
  74 orcs
  4 ball pythons
  2 bats
  14 endoplasms
  3 giant cockroaches
  7 goblins
  5 hobgoblins
  4 kobolds
  2 quokkas (D:2)
  3 frilled lizards
  4 rats
742 creatures vanquished.

Vanquished Creatures (others)
  A merfolk impaler (Shoals:2)
  A deep elf knight (D:14)
  An orc wizard (Orc:1)
  An orc (D:11)
4 creatures vanquished.

Grand Total: 746 creatures vanquished

Notes
Turn   | Place    | Note
-------+----------+-------------------------------------------
     0 | D:1      | jasper the Mountain Dwarf Fighter began the quest for the
                  | Orb.
     0 | D:1      | Reached XP level 1. HP: 19/19 MP: 1/1
   323 | D:1      | Reached XP level 2. HP: 26/26 MP: 2/2
  1059 | D:2      | Reached XP level 3. HP: 31/31 MP: 3/3
  1151 | D:2      | Reached skill level 5 in Axes
  1159 | D:2      | Reached XP level 4. HP: 34/38 MP: 4/4
  1241 | D:2      | Noticed Terence
  1261 | D:2      | Killed Terence
  1535 | D:2      | Reached XP level 5. HP: 13/45 MP: 5/5
  1537 | D:2      | HP: 2/45 [frozen (1)]
  2013 | D:3      | Found a transporter.
  2025 | D:3      | Noticed Ruich's ghost (amateur OpSh)
  2047 | D:3      | Found a transporter.
  2616 | D:3      | Killed Ruich's ghost
  2617 | D:3      | Reached XP level 6. HP: 36/51 MP: 6/6
  2812 | D:4      | Reached XP level 7. HP: 57/57 MP: 7/7
  3197 | D:5      | Entered Level 5 of the Dungeon
  3262 | D:5      | Found a staircase to the Ecumenical Temple.
  3273 | Temple   | Entered the Ecumenical Temple
  3280 | Temple   | Became a worshipper of Gozag Ym Sagoz the Greedy
  3529 | D:5      | Reached skill level 10 in Axes
  4049 | D:6      | Reached XP level 8. HP: 63/63 MP: 8/8
  4153 | D:6      | Noticed Eustachio
  4160 | D:6      | Killed Eustachio
  4397 | D:6      | Found Deatt's Antique Armour Shop.
  4403 | D:6      | Bought a pair of runed boots for 165 gold pieces
  4403 | D:6      | Bought a pair of glowing gloves for 165 gold pieces
  4512 | D:6      | Reached skill level 4 in Fighting
  4512 | D:6      | Reached XP level 9. HP: 56/71 MP: 9/9
  5163 | D:7      | Identified a scroll of acquirement
  5163 | D:7      | Acquired 1105 gold pieces
  5566 | D:8      | Noticed Pikel
  5598 | D:8      | Killed Pikel
  6112 | D:8      | Reached skill level 5 in Fighting
  6112 | D:8      | Reached skill level 5 in Armour
  6330 | D:9      | Killed an unseen horror
  6417 | D:9      | Noticed a kobold demonologist
  6432 | D:9      | Killed a kobold demonologist
  6593 | D:9      | Reached XP level 10. HP: 74/83 MP: 10/10
  6604 | D:9      | Reached skill level 6 in Fighting
  6901 | D:9      | Reached skill level 7 in Fighting
  7242 | D:9      | Paralysed by a gnoll bouda for 2 turns
  7403 | D:9      | Noticed an elephant
  7413 | D:9      | Killed an elephant
  7423 | D:9      | Reached skill level 8 in Fighting
  7493 | D:9      | Noticed a boulder beetle
  7512 | D:9      | Killed a boulder beetle
  7513 | D:9      | Reached XP level 11. HP: 75/94 MP: 11/11
  7891 | D:9      | Found a staircase to the Lair.
  8001 | D:10     | Entered Level 10 of the Dungeon
  8026 | D:10     | Noticed a two-headed ogre
  8042 | D:10     | Killed a two-headed ogre
  8043 | D:10     | Reached skill level 9 in Fighting
  8409 | D:10     | Noticed a two-headed ogre
  8419 | D:10     | Killed a two-headed ogre
  8850 | D:10     | Found a basalt altar of Yredelemnul.
  8851 | D:10     | Found a shimmering altar of Xom.
  8851 | D:10     | Found a hazy altar of Hepliaklqana.
  8852 | D:10     | Found a hide-covered altar of Uskayaw.
  8853 | D:10     | Found a sacrificial altar of Ru.
  8853 | D:10     | Found a burning altar of Makhleb.
  8854 | D:10     | Found a shadowy altar of Dithmenos.
  8855 | D:10     | Found a bloodstained altar of Trog.
  8855 | D:10     | Found an ornate altar of the Wu Jian Council.
  8856 | D:10     | Found a broken altar of Ashenzari.
  8966 | D:10     | Found a staircase to the Orcish Mines.
  9608 | D:11     | Reached skill level 10 in Fighting
  9627 | D:11     | Reached skill level 10 in Armour
 10217 | D:11     | Noticed a two-headed ogre
 10222 | D:11     | Killed a two-headed ogre
 10231 | D:11     | Identified the +5 ring mail of the Illusory Youths {Rampage
                  | Will+ Str+3 Dex+2}
 10610 | D:11     | Noticed a tengu reaver
 10610 | D:11     | Noticed a flayed ghost
 10610 | D:11     | Noticed a six-headed hydra
 10610 | D:11     | Noticed a boulder beetle
 10610 | D:11     | Noticed a two-headed ogre
 10615 | D:11     | Killed a two-headed ogre
 10615 | D:11     | Killed a six-headed hydra
 10615 | D:11     | Killed a boulder beetle
 10615 | D:11     | Killed a flayed ghost
 10615 | D:11     | Killed a tengu reaver
 10616 | D:11     | Reached skill level 11 in Fighting
 10616 | D:11     | Reached XP level 12. HP: 74/110 MP: 12/12
 10957 | Lair:1   | Entered Level 1 of the Lair of Beasts
 11020 | Lair:1   | Reached skill level 12 in Fighting
 11129 | Orc:1    | Entered Level 1 of the Orcish Mines
 11129 | Orc:1    | Noticed a two-headed ogre
 11141 | D:10     | Killed a two-headed ogre
 11668 | Orc:1    | Noticed a two-headed ogre
 11668 | Orc:1    | Noticed an orc high priest
 11668 | Orc:1    | Noticed a stone giant
 11668 | Orc:1    | Noticed a two-headed ogre
 11670 | Orc:1    | Found a roughly hewn altar of Beogh.
 11670 | Orc:1    | Found a transporter.
 11670 | Orc:1    | Noticed a stone giant
 11672 | Orc:1    | Noticed a two-headed ogre
 11739 | Orc:1    | Found a transporter.
 11812 | Orc:2    | Entered Level 2 of the Orcish Mines
 11820 | Orc:2    | Noticed an orc warlord
 11849 | Orc:2    | Found Qozyvin's General Store.
 12118 | Orc:2    | Reached skill level 13 in Fighting
 12135 | Orc:2    | Bought 2 curare-tipped darts for 36 gold pieces
 12226 | Orc:2    | Noticed an orc high priest
 12474 | Orc:2    | Killed an orc high priest
 12556 | Orc:2    | Killed an orc warlord
 12557 | Orc:2    | Reached XP level 13. HP: 89/122 MP: 13/13
 12603 | Orc:2    | Found a staircase to the Elven Halls.
 12725 | Orc:2    | Found a roughly hewn altar of Beogh.
 12753 | Orc:2    | Found Ehonuaj's Book Boutique.
 12764 | Orc:2    | Bought a manual of Fighting for 1440 gold pieces
 12903 | Orc:2    | Reached skill level 14 in Fighting
 13131 | Orc:2    | Found Ygyak's Antique Armour Boutique.
 13139 | Orc:2    | Bought a translucent cloak for 304 gold pieces
 13139 | Orc:2    | Identified the +2 cloak of Plog {Str+6} (You bought it in a
                  | shop on level 2 of the Orcish Mines)
 13149 | Orc:2    | Bought a glowing helmet for 240 gold pieces
 13186 | Orc:2    | Found Rukukho's Antique Weapon Shoppe.
 14200 | Lair:1   | Reached skill level 15 in Fighting
 14867 | Lair:2   | Found a staircase to the Shoals.
 15184 | Lair:2   | Reached skill level 16 in Fighting
 15440 | Lair:2   | Found a runed translucent door.
 15673 | Lair:2   | Found a runed translucent gate.
 15673 | Lair:2   | Found a runed translucent gate.
 15673 | Lair:2   | Found a runed translucent gate.
 15673 | Lair:2   | Found a runed translucent gate.
 15673 | Lair:2   | Found a runed translucent gate.
 15673 | Lair:2   | Found a runed translucent gate.
 15691 | Lair:2   | Reached skill level 15 in Armour
 15976 | Lair:3   | Found a hole to the Spider Nest.
 16775 | Lair:3   | Reached skill level 17 in Fighting
 17281 | Lair:4   | Reached skill level 1 in Evocations
 17359 | Lair:4   | Reached XP level 14. HP: 140/140 MP: 14/14
 17391 | Lair:4   | Reached skill level 5 in Evocations
 18497 | Lair:5   | Entered Level 5 of the Lair of Beasts
 19207 | Lair:5   | Reached skill level 10 in Evocations
 19717 | Lair:5   | Found a viscous altar of Jiyva.
 19948 | Lair:5   | Found a staircase to the Slime Pits.
 20678 | D:12     | Gained mutation: Your spells are a little easier to cast,
                  | but a little less powerful. [a shining eye]
 20767 | D:12     | Reached skill level 18 in Fighting
 20782 | D:12     | Identified the +0 scale mail of Trumpets {rC+ Regen+ Dex+2}
 21559 | D:13     | Reached XP level 15. HP: 150/150 MP: 15/15
 21764 | D:13     | Reached skill level 19 in Fighting
 21764 | D:13     | Found a gate to the Vaults.
 23324 | D:15     | Entered Level 15 of the Dungeon
 23552 | D:15     | Found a shadowy altar of Dithmenos.
 23693 | D:15     | Found a glowing golden altar of the Shining One.
 24143 | D:15     | Found a staircase to the Depths.
 24410 | Depths:1 | Entered Level 1 of the Depths
 24410 | Depths:1 | Found a one-way gate leading to the halls of Pandemonium.
 24424 | Depths:1 | Bought a scroll of enchant weapon for 127 gold pieces
 24424 | Depths:1 | Bought a scroll of enchant weapon for 127 gold pieces
 24424 | Depths:1 | Bought 3 scrolls of fear for 204 gold pieces
 24621 | Shoals:1 | Entered Level 1 of the Shoals
 24621 | Shoals:1 | Noticed Nikola
 24627 | Shoals:1 | Found Syaj's Distillery.
 24641 | Shoals:1 | Killed Nikola
 24753 | Shoals:1 | Found Baolyts's Book Emporium.
 25508 | Shoals:1 | Reached skill level 20 in Fighting
 25665 | Shoals:1 | Noticed Mlioglotl
 25670 | Shoals:1 | Noticed a tentacled starspawn
 25695 | Shoals:1 | Killed Mlioglotl
 25989 | Shoals:1 | Found Gosaunlu's Antique Weapon Shoppe.
 26012 | Shoals:1 | Found Caigah's Book Emporium.
 26234 | Depths:1 | Bought a slimy crystal plate armour for 2975 gold pieces
 26234 | Depths:1 | Identified the +12 crystal plate armour "Sugeploje" {rN+}
                  | (You bought it in a shop on level 1 of the Depths)
 26988 | Shoals:1 | Reached XP level 16. HP: 18/165 MP: 16/16
 27466 | Shoals:2 | Found a flickering gateway to a bazaar.
 27475 | Bazaar   | Entered a bazaar
 27482 | Bazaar   | Found Tykkiset's Distillery.
 27496 | Bazaar   | Found Dywyrph's Antique Armour Boutique.
 27504 | Bazaar   | Bought a pair of distressingly furry boots for 294 gold
                  | pieces
 27504 | Bazaar   | Identified the +0 pair of boots of Sandy Fun {Dex+3} (You
                  | bought it in a shop in a bazaar)
 27510 | Bazaar   | Found Ekkeumui's Weapon Shop.
 27524 | Bazaar   | Found Uqausire's Armour Boutique.
 27538 | Bazaar   | Found Zahir's Jewellery Shop.
 27564 | Bazaar   | Found Geqimoho's Armour Shop.
 27670 | Bazaar   | Bought a potion of curing for 27 gold pieces
 28738 | Shoals:3 | Reached skill level 21 in Fighting
 29599 | Shoals:4 | Entered Level 4 of the Shoals
 29953 | Shoals:4 | Killed from afar by a merfolk aquamancer

Illustrated notes

Levels and vault maps discovered:
D:1:      psy_arrival_statuary, layout_basic, grunt_decor_fettered,
          corexii_leaking_fountain
D:2:      layout_rooms, uniq_terence
D:3:      layout_basic, gammafunk_ghost_arena
D:4:      layout_cave_pools
D:5:      layout_basic, minmay_temple_entry_glass
D:6:      layout_rooms, serial_shops, shop_fountains, uniq_eustachio
D:7:      layout_rooms, kennysheep_boxes
D:8:      layout_basic, uniq_pikel
D:9:      minmay_imperfect_grid, layout_loops_ring,
          grunt_lair_entry_orc_guard_hut
D:10:     layout_rooms, nicolae_overflows_in_rows, erik_orc_1
D:11:     layout_basic, wad_scary_box
D:12:     layout_roguey [special_room_bee]
D:13:     layout_basic, grunt_vaults_entry_tiered
D:14:     layout_cave_pods, minmay_splitting_lines, minmay_hedge_maze
D:15:     hangedman_depths_entry_civil_slaughter, layout_basic, tso_altar,
          nicolae_dithmenos_shadow_blocks
Temple:   nicolae_temple_no_exploring_needed
Lair:1:   layout_chaotic_city, infiniplex_staircase_pool_2
Lair:2:   gammafunk_indiana_jones, layout_regular_city, elwin_shoals_entry_rocks
Lair:3:   layout_small_grid, spider_nest_entry_webs, cheibrodos_lair_lostbears
Lair:4:   layout_cellular_growth, beast_lair_carwin_1
Lair:5:   evilmike_catoblepas_cave, layout_gridlike,
          minmay_slime_entry_oklob_open, chequers_serial_rivers_small_3
Shoals:1: layout_shoals, serial_shops, nicolae_shop_trees, shop, shop, shop,
          uniq_nikola, uniq_mlioglotl
Shoals:2: layout_shoals, serial_shops, bzr_entry_islet,
          nicolae_shoals_lost_giant_hut
Shoals:3: layout_shoals, nicolae_shoals_nymph_descending_staircase
Shoals:4: shoals_end_hangedman, layout_shoals, shoals_ilsuiw_alternative
Orc:1:    gammafunk_beogh_shrine, layout_caves
Orc:2:    grunt_orc_gardens, layout_caves, grunt_orc_garden, grunt_orc_garden,
          grunt_orc_garden, grunt_orc_garden, basic_altar,
          nicolae_orc_quarried_blocks
Depths:1: layout_gridlike, enter_ziggurat_c, pan_entry, abyss_entry_flame_altar,
          hell_entry, good_gods_mini_temple, minmay_tree_intersection,
          nicolae_antique_artefacts, minmay_pinched_square
Depths:2: kb_forest_paths, layout_cave_pools, hell_entry,
          rand_demon_pan_entry_7, serial_library_hellmonk_open_cross,
          nicolae_abyss_entry_one_way_or_another,
          infiniplex_staircase_pillars_3a

Skill      XL: |  1  2  3  4  5  6  7  8  9 10 11 12 13 14 15 16 |
---------------+-------------------------------------------------+-----
Axes           | 3 4 5 6 8 9 17 18 | 18.0
Fighting       | 4 5 8 11 13 17 18 20 21 | 21.3
Armour         | 4 5 8 11 13 15 16 18 19 | 19.4
Evocations     | 2 10 | 10.0
Shields        | |  3.2

Action                     |  1- 3 |  4- 6 |  7- 9 | 10-12 | 13-15 | 16-18 || total
---------------------------+-------+-------+-------+-------+-------+-------++-------
  Melee: War axe           |    92 |   116 |    87 |       |       |       ||   295
         Broad axe         |       |       |   120 |   553 |  1085 |   259 ||  2017
         Morningstar       |       |       |       |       |    33 |       ||    33
  Throw: Stone             |       |     1 |     7 |       |       |       ||     8
         Boomerang         |       |       |     8 |    38 |    13 |       ||    59
 Invoke: Call Merchant     |       |       |       |       |     3 |       ||     3
  Evoke: Wand              |       |       |     1 |    10 |     6 |       ||    17
    Use: Scroll            |     1 |     9 |    10 |     5 |    12 |     2 ||    39
         Potion            |       |       |     1 |       |     5 |     1 ||     7
   Stab: Distracted        |       |       |     1 |     9 |     5 |       ||    15
 Armour: Chain mail        |    75 |   108 |   130 |    48 |       |       ||   361
         Plate armour      |       |       |       |   384 |   961 |       ||  1345
         Crystal plate arm |       |       |       |       |    59 |   271 ||   330
         Skin              |       |       |       |       |     3 |       ||     3
  Dodge: Dodged            |    35 |    34 |    48 |   153 |   415 |   112 ||   797
  Block: Buckler           |    18 |    23 |    33 |    66 |   175 |    50 ||   365

Table legend: (Time is in decaauts)
 A = Elapsed time spent in this place.
 B = Non-inter-level travel time spent in this place.
 C = Inter-level travel time spent in this place.
 D = Time resting spent in this place.
 E = Time spent auto-exploring this place.
 F = Levels seen in this place.
 G = Mean time per level.
                   A        B        C        D        E       F      G
               +--------+--------+--------+--------+--------+-----+--------+
         Total |  29778 |  27839 |   1939 |   4261 |  18250 |  30 |  992.6 |
       Dungeon |  15961 |  14720 |   1241 |   1857 |  10181 |  15 | 1064.1 |
        Temple |     14 |      2 |     12 |      0 |      0 |   1 |   14.0 |
          Lair |   7419 |   7019 |    400 |   1207 |   4699 |   5 | 1483.8 |
        Shoals |   4039 |   3827 |    212 |    745 |   2169 |   4 | 1009.8 |
  Orcish Mines |   2028 |   1959 |     69 |    450 |   1098 |   2 | 1014.0 |
        Depths |     33 |     30 |      3 |      0 |      0 |   2 |   16.5 |
        Bazaar |    281 |    281 |      0 |      0 |    102 |   1 |  281.0 |
               +--------+--------+--------+--------+--------+-----+--------+

Top non-repeatable levels by time:
  Lair:2: 2362 daAuts
    D:11: 1785 daAuts
     D:9: 1740 daAuts
    D:10: 1614 daAuts
Shoals:1: 1501 daAuts
  Lair:5: 1413 daAuts
  Lair:3: 1292 daAuts
Shoals:3: 1221 daAuts
  Lair:4: 1221 daAuts
    D:15: 1176 daAuts
    D:14: 1161 daAuts
  Lair:1: 1129 daAuts
    D:13: 1098 daAuts
    D:12: 1084 daAuts
   Orc:2: 1081 daAuts
